 Dungeon Crawl Stone Soup version 0.31-a0-229-g1fc7ce93e2 (webtiles) character file.

Game seed: 6047109512780985950

67 innerfire43 the Trooper (level 3, -5/30 HPs)
             Began as a Demonspawn Monk on July 6, 2023.
             Killed from afar by an orc wizard (9 damage)
             ... with a magic dart
             ... on level 3 of the Dungeon.
             The game lasted 00:01:39 (1367 turns).

innerfire43 the Trooper (Demonspawn Monk)           Turns: 1367, Time: 00:01:39

Health: -5/30      AC:  2    Str: 13    XL:     3   Next: 98%
Magic:  3/3        EV: 13    Int: 11    God:
Gold:   92         SH:  0    Dex: 15    Spells: 2/2 levels left

rFire   . . .        a - +0 hand axe
rCold   . . .        d - orb {light}
rNeg    . . .        b - +0 robe
rPois   .            (no helmet)
rElec   .            (no cloak)
rCorr   .            (no gloves)
SInv    .            (no boots)
Will    .....        (no amulet)
Stlth   +            (no ring)
HPRegen 0.25/turn    (no ring)
MPRegen 0.08/turn

%: no passive effects
@: glowing
A: hooves 1
a: no special abilities


You were on level 3 of the Dungeon.
You visited 1 branch of the dungeon, and saw 3 of its levels.

You collected 92 gold pieces.

Inventory:

Hand Weapons
 a - a +0 hand axe (weapon)
Armour
 b - a +0 robe (worn)
 d - an orb of light (worn)
Scrolls
 e - a scroll of noise {unknown}
 f - a scroll of fear {unknown}
 g - a scroll of torment {unknown}
 i - a scroll of identify {unknown}
 j - a scroll of immolation {unknown}
 l - a scroll of fog {unknown}
Potions
 h - 2 potions of curing {unknown}
 k - a potion of lignification {unknown}
 m - a potion of mutation {unknown}


   Skills:
 + Level 3.7 Fighting
 + Level 3.3 Axes
 + Level 3.3 Dodging


You had 2 spell levels left.
You didn't know any spells.
Your spell library was empty.

Dungeon Overview and Level Annotations

Branches:
Dungeon (3/15)

Altars:

Shops:
D:1 [


Innate Abilities, Weirdness & Mutations

You have large cloven feet.


Message History

You hit the orc wizard but do no damage.
You kick the orc wizard, but do no damage.
The orc wizard is severely wounded.
You barely miss the orc. You hit the orc but do no damage.
The orc wizard points at you and mumbles some strange words.
The puff of flame hits you. The orc hits you with a +0 falchion.
* * * LOW HITPOINT WARNING * * *
An orc comes into view. It is wielding a +0 dagger.
The orc barely misses you.
You barely miss the orc wizard.
The orc wizard is severely wounded.
You hit the orc. You hit the orc but do no damage.
The orc wizard hits you with a +0 dagger.
* * * LOW HITPOINT WARNING * * *
The orc hits you with a +0 falchion.
* * * LOW HITPOINT WARNING * * *
The orc barely misses you.
It was a potion of heal wounds.
You feel much better.
The orc wizard hits you with a +0 dagger.
An orc comes into view.
It is wielding a +0 hand axe of electrocution.
The orc barely misses you. The orc misses you.
You hit the orc wizard. Your kick misses the orc wizard.
The orc wizard is almost dead.
You hit the orc. x2
The orc wizard gestures at you while chanting.
The puff of flame hits you! The orc misses you.
The orc hits you with a +0 hand axe!
* * * LOW HITPOINT WARNING * * *
You closely miss the orc wizard. You kick the orc wizard.
The orc wizard is almost dead.
You hit the orc.
You kill the orc!
You hit the orc.
You kill the orc!
The orc wizard completely misses you.
You barely miss the orc wizard.
The orc wizard is almost dead.
The orc wizard points at you and mumbles some strange words.
The magic dart hits you!
You die...

### #<# . #.# ...
#.# #..# #.# .
#....####.# ...
#.o..o@†..##.....
....o.))..........
...........)..)#.#
.#############.# #


You could see an orc wizard (invisible) and 2 orcs.

Vanquished Creatures
  An adder (D:2)
  A worm (D:2)
  3 dart slugs
  2 orcs (D:3)
  2 endoplasms (D:1)
  4 hobgoblins
  4 jackals (D:3)
  A quokka (D:1)
  2 ball pythons (D:2)
  3 bats (D:2)
  4 frilled lizards (D:1)
  7 goblins
  8 kobolds
  6 rats
48 creatures vanquished.

Notes
Turn   | Place    | Note
-------+----------+-------------------------------------------
     0 | D:1      | innerfire43 the Demonspawn Monk began the quest for the
                  | Orb.
     0 | D:1      | Reached XP level 1. HP: 18/18 MP: 1/1
    38 | D:1      | Found Kavuxuant's Antique Armour Emporium.
   244 | D:1      | Gained mutation: You have large cloven feet. [demonic
                  | ancestry]
   244 | D:1      | Reached XP level 2. HP: 24/24 MP: 2/2
   771 | D:2      | Reached XP level 3. HP: 25/29 MP: 3/3
   836 | D:2      | Found a faded altar of an unknown god.
  1367 | D:3      | Killed from afar by an orc wizard

Illustrated notes

Levels and vault maps discovered:
D:1:      minmay_arrival_stair_chambers, layout_basic, serial_shops, shop,
          lexackson_kobold_supper
D:2:      layout_loops_ring, basic_ecumenical_altar, guppyfry_early_lair_pool
D:3:      layout_basic, uniq_natasha

Skill      XL: |  1  2 |
---------------+-------+-----
Axes           | 3 |  3.3
Dodging        | 3 |  3.3
Fighting       | |  3.7

Action                     || total
---------------------------++-------
  Melee: Hand axe          ||   101
         Kick              ||    20
    Use: Potion            ||     2
 Armour: Robe              ||    14
  Dodge: Dodged            ||    81

Table legend: (Time is in decaauts)
 A = Elapsed time spent in this place.
 B = Non-inter-level travel time spent in this place.
 C = Inter-level travel time spent in this place.
 D = Time resting spent in this place.
 E = Time spent auto-exploring this place.
 F = Levels seen in this place.
 G = Mean time per level.
                   A        B        C        D        E       F      G
               +--------+--------+--------+--------+--------+-----+--------+
         Total |   1385 |   1291 |     94 |      0 |   1017 |   3 |  461.7 |
       Dungeon |   1385 |   1291 |     94 |      0 |   1017 |   3 |  461.7 |
               +--------+--------+--------+--------+--------+-----+--------+

Top non-repeatable levels by time:
     D:1: 751 daAuts
     D:2: 599 daAuts
     D:3: 33 daAuts
